Map: Orbital Shipyard

Players

ZURC

  • Race: Terran Terran

Miltreta - Winner!

  • Race: Terran Terran
  • League: Bronze

VOD

Have the link to the VOD?

Description

Time

  • Played on: March 10, 2016, 8:14 a.m.
  • Length: 8:36
Show
View Real Time Build Order
Export as new Build Order

ZURC Terran 

Build Orders:  

Get SALT Encoding   

  12  0:01  SCV  
  13  0:13  SCV  
  14  0:34  Supply Depot, SCV  
  15  0:43  Refinery  
  15  0:55  SCV  
  16  0:58  Refinery  
  16  0:59  Barracks  
  16  1:07  SCV  
  17  1:19  SCV  
  18  1:32  SCV  
  19  1:44  SCV  
  20  1:49  Supply Depot  
  20  1:54  Reaper  
  20  2:01  SCV  
  22  2:12  Supply Depot  
  22  2:19  Factory  
  22  2:26  Reaper  
  23  2:36  Command Center  
  23  2:48  Engineering Bay  
  23  2:58  Marine  
  24  3:16  Marine  
  24  3:17  Factory Tech Lab  
  25  3:23  Starport  
  25  3:26  Terran Infantry Weapons Level 1  
  25  3:38  Barracks  
  25  3:41  Siege Tank  
  28  3:44  Barracks Reactor  
  26  4:20  Marine  
  26  4:21  Marine  
  26  4:22  Liberator  
  28  4:27  Barracks Tech Lab  
  28  4:35  SCV  
  29  4:38  Marine x2  
  36  4:46  Hellion  
  36  4:47  SCV  
  36  4:49  Marine  
  38  4:54  Concussive Shells  
  38  4:56  Marine  
  38  4:59  SCV  
  42  5:07  Hellion  
  42  5:08  Marauder  
  44  5:36  Marauder  
  44  5:38  Stimpack  
  44  5:41  Marine x2  
  48  5:44  Siege Tank  
  48  5:47  Medivac  
  53  5:54  Orbital Command  
  53  5:57  SCV  
  54  6:08  Supply Depot  
  54  6:30  SCV, Marauder  
  57  6:51  Marauder  
  57  6:53  Marine x2  
  61  7:10  Marine, Viking  
  61  7:11  Marine  
  61  7:13  Supply Depot, Marauder  
  67  7:28  Marine  
  68  7:34  Marauder  
  68  7:36  Supply Depot  
  70  7:40  Viking  
Show
View Real Time Build Order
Export as new Build Order

Miltreta Terran - Winner!

Build Orders: MMM Bio 

Get SALT Encoding   

  12  0:01  SCV  
  13  0:18  SCV  
  14  0:21  Supply Depot  
  14  0:31  SCV  
  15  0:43  Refinery  
  15  0:50  SCV  
  15  0:51  Barracks  
  16  1:03  SCV  
  17  1:07  Supply Depot  
  17  1:19  SCV  
  18  1:31  SCV  
  19  1:42  Engineering Bay  
  19  1:44  Bunker  
  19  1:45  Marine  
  20  1:58  Barracks  
  20  2:00  SCV  
  21  2:02  Marine  
  22  2:13  Refinery, Terran Infantry Weapons Level 1  
  22  2:24  Marine  
  22  2:28  Orbital Command  
  23  2:49  Marine  
  23  2:51  Barracks Tech Lab  
  24  2:54  SCV  
  25  3:12  Barracks Reactor  
  24  3:13  Combat Shields  
  24  3:17  Marauder  
  26  3:31  Barracks  
  26  3:42  Command Center  
  26  4:01  Marine  
  27  4:19  Marine  
  27  4:22  Barracks Tech Lab  
  28  4:26  Marine x2  
  28  4:30  Terran Infantry Armor Level 1  
  30  4:32  Concussive Shells  
  30  4:34  SCV  
  31  4:46  Supply Depot  
  31  4:53  Marine x2  
  31  4:54  Marauder x2  
  31  4:55  Stimpack  
  37  5:14  SCV  
  37  5:19  SCV  
  39  5:31  Orbital Command  
  39  5:42  Factory  
  39  5:48  Missile Turret  
  39  5:54  Missile Turret  
  39  5:56  Missile Turret  
  39  6:07  Marine  
  39  6:09  Marine  
  39  6:11  Marauder x2  
  45  6:20  SCV x2  
  45  6:24  Building Armor  
  47  6:34  Missile Turret  
  47  6:37  Refinery  
  49  7:03  Factory Reactor  
  47  7:14  Starport  
  47  7:18  Armory  
  47  7:32  Supply Depot  
  47  7:35  Supply Depot  
  47  7:45  Missile Turret  
  47  7:57  Widow Mine  
  47  7:58  Widow Mine  
  51  7:59  Factory  
  51  8:03  Starport Tech Lab  
Tags
 
Composition
MMM Bio
League
Bronze
Matchup
TvT
Race
Terran
Add a new tag
Caveats
  • Supply blocks, unpowered buildings, or Contaminate may cause inaccurate times.
  • Supply counts are checked every 10 seconds.